 Dungeon Crawl Stone Soup version 0.30.1-4-g462c640d31 (webtiles) character file.

Game seed: 1433548024539528002

1426690 GeoRichter the Cryomancer (level 25, 240/240 HPs)
             Began as a Pale Draconian Ice Elementalist on Aug 12, 2023.
             Was an Initiate of Gozag.
             Escaped with the Orb
             ... and 3 runes on Aug 13, 2023!
             The game lasted 02:33:59 (93916 turns).

GeoRichter the Cryomancer (DrIE)                   Turns: 93916, Time: 02:34:00

Health: 240/240    AC: 17    Str: 13    XL:     25   Next: 54%
Magic:  62/62      EV: 24    Int: 33    God:    Gozag
Gold:   1672       SH: 11    Dex: 22    Spells: 16/58 levels left

rFire   + + .        a - staff of cold "Yjecs" {rC+ Will+ MP+9 Dex+6 Stlth-}
rCold   + + +        J - +3 warlock's mirror {omnireflect}
rNeg    + . .        (body armour unavailable)
rPois   .            F - +2 hood of the Assassin {Detect Stab+ Stlth++}
rElec   +            p - +0 cloak {Will+}
rCorr   +            G - +0 pair of fencer's gloves {Riposte Dex+3}
SInv    .            e - +0 pair of boots of Rihieg {Will++ Str+3 Int+3}
Will    +++++        E - amulet of Fanaticism {Acrobat +Blink rF+ rC++ Str+3 Slay+2}
Stlth   +            Z - ring "Avoef" {rF+ rC+ rCorr}
HPRegen 0.60/turn    L - ring of Sloth {rElec rN+ MP+9 Str-5 Int+5}
MPRegen 0.38/turn

%: reflection, acrobat
@: studying 2 skills
A: breathe steam, AC +12, unfitting armour, cold-blooded, steam resistance, wild
magic 1
0: Orb of Zot
}: 3/15 runes: decaying, serpentine, silver
a: Breathe Steam, Renounce Religion, Evoke Blink, Potion Petition, Call
Merchant, Bribe Branch


You escaped.
You worshipped Gozag.
Gozag was most pleased with you.
You visited 11 branches of the dungeon, and saw 50 of its levels.
You also visited: Sewer and Gauntlet.

You collected 27779 gold pieces.
You spent 10464 gold pieces at shops.
You paid 15643 gold pieces to Gozag.

Inventory:

Hand Weapons
 b - a +4 demon trident of protection
   (You took it off a red devil in a Gauntlet)
 f - a +1 eudemon blade of holy wrath
   (You took it off Mennas on level 4 of the Depths)
Missiles
 s - 10 atropa-tipped darts
 P - a throwing net {!f}
Armour
 e - the +0 pair of boots of Rihieg (worn) {Will++ Str+3 Int+3}
   (You found it on level 1 of the Lair of Beasts)

   Str:       It affects your strength (+3).
   Int:       It affects your intelligence (+3).
   Will:      It greatly increases your willpower.
 p - a +0 cloak of willpower (worn)
   (You bought it in a shop on level 3 of the Depths)
 F - the +2 hood of the Assassin (worn) {Detect Stab+ Stlth++}
   (You bought it in a shop on level 3 of the Depths)

   Detect:    It allows the wearer to sense nearby creatures.
   Stab+:     It allows the wearer to make particularly effective stabbing
   attacks against helpless or unaware enemies with any weapon.
   Stlth:     It makes you much more stealthy.
 G - the +0 pair of fencer's gloves (worn) {Riposte Dex+3}
   (You found it in a Gauntlet)

   Riposte:   It allows the wearer to riposte with melee weapons, swiftly
   retaliating against missed or blocked melee attacks.
   Dex:       It affects your dexterity (+3).
 J - the +3 warlock's mirror (worn) {omnireflect}
   (You took it off a minotaur in a Gauntlet)

   Omnireflect: It can block and reflect piercing ranged attacks and magical
   attacks against the wielder's willpower.
Magical Staves
 a - the staff of cold "Yjecs" (weapon) {rC+ Will+ MP+9 Dex+6 Stlth-}
   (You found it on level 3 of the Elven Halls)

   [staff of cold]

   Base accuracy: +5 Base damage: 5 Base attack delay: 1.2 This weapon's minimum
   attack delay (0.6) is reached at skill level 12.
   Dex:       It affects your dexterity (+6).
   rC:        It protects you from cold.
   MP:        It affects your magic capacity (+9).
   Will:      It increases your willpower.
   Stlth:     It makes you less stealthy.
   It falls into the 'Staves' category.
   It is a one-handed weapon.
 I - the staff of death "Cajizo" {rF++ rN+}
   (You found it on level 5 of the Vaults)

   [staff of death]

   Base accuracy: +5 Base damage: 5 Base attack delay: 1.2 This weapon's minimum
   attack delay (0.6) is reached at skill level 12.
   rF:        It greatly protects you from fire.
   rN:        It protects you from negative energy.
   It falls into the 'Staves' category.
   It is a one-handed weapon.
Jewellery
 y - the ring "Afoink" {rElec Will+ Str-4 Int+3 SInv}
   (You bought it in a shop on level 2 of the Snake Pit)

   [ring of see invisible]

   Str:       It affects your strength (-4).
   Int:       It affects your intelligence (+3).
   rElec:     It insulates you from electricity.
   SInv:      It lets you see invisible.
   Will:      It increases your willpower.
 z - a +5 ring of evasion
   (You found it on level 2 of the Realm of Zot)
 D - a ring of poison resistance
   (You found it on level 4 of the Dungeon)
 E - the amulet of Fanaticism (around neck) {Acrobat +Blink rF+ rC++ Str+3 Slay+2}
   (You found it in a Gauntlet)

   [amulet of the acrobat]

   It increases your evasion while moving and waiting.
   Str:       It affects your strength (+3).
   Slay:      It affects your accuracy & damage with ranged weapons and melee
   (+2).
   rF:        It protects you from fire.
   rC:        It greatly protects you from cold.
   +Blink:    It lets you blink.
 L - the ring of Sloth (right hand) {rElec rN+ MP+9 Str-5 Int+5}
   (You bought it in a shop on level 2 of the Vaults)

   [ring of positive energy]

   Str:       It affects your strength (-5).
   Int:       It affects your intelligence (+5).
   rElec:     It insulates you from electricity.
   rN:        It protects you from negative energy.
   MP:        It affects your magic capacity (+9).
 V - the ring of Esesakk {rElec rF+ rN+ Str-3 SInv}
   (You bought it in a shop on level 3 of the Depths)

   [ring of protection from fire]

   Str:       It affects your strength (-3).
   rF:        It protects you from fire.
   rElec:     It insulates you from electricity.
   rN:        It protects you from negative energy.
   SInv:      It lets you see invisible.
 Z - the ring "Avoef" (left hand) {rF+ rC+ rCorr}
   (You bought it in a shop on level 10 of the Dungeon)

   [ring of protection from cold]

   rF:        It protects you from fire.
   rC:        It protects you from cold.
   rCorr:     It protects you from acid and corrosion.
Wands
 t - a wand of charming (62)
   (You found it on level 3 of the Dungeon)
 B - a wand of light (25)
   (You found it on level 4 of the Dungeon)
 M - a wand of digging (38)
   (You found it in a Gauntlet)
 Q - a wand of mindburst (59)
   (You took it off Joseph on level 7 of the Dungeon)
 W - a wand of polymorph (32)
   (You found it in a Gauntlet)
Scrolls
 d - 7 scrolls of enchant weapon
 g - 12 scrolls of vulnerability {!r}
 i - 10 scrolls of amnesia
 k - 6 scrolls of blinking
 l - 2 scrolls of magic mapping
 m - 6 scrolls of immolation {!r}
 q - 13 scrolls of poison {!r}
 u - 14 scrolls of fear
 w - 12 scrolls of fog
 A - a scroll of silence
 N - 2 scrolls of butterflies
 S - 17 scrolls of teleportation {@r4}
 U - 14 scrolls of enchant armour
 Y - 5 scrolls of torment {!r}
Potions
 c - 10 potions of attraction {!q}
 h - 29 potions of curing {@q1}
 j - 12 potions of lignification {!q}
 n - 7 potions of cancellation
 o - 12 potions of flight
 r - 5 potions of ambrosia
 v - 3 potions of invisibility
 x - 15 potions of mutation {!q}
 C - 11 potions of haste {@q3}
 H - a potion of heal wounds {@q2}
 K - 6 potions of resistance
 O - a potion of might
 R - 2 potions of brilliance
Miscellaneous
 T - a phantom mirror
   (You found it on level 9 of the Dungeon)
 X - a box of beasts
   (You found it in a Gauntlet)


   Skills:
 * Level 22.4 Fighting
 - Level 12.0 Staves
 + Level 14.9 Dodging
 - Level 1.7 Stealth
 - Level 10.0 Shields
 - Level 17.4 Spellcasting
 + Level 11.8 Necromancy
 - Level 20.0 Fire Magic
 - Level 25.0 Ice Magic
 + Level 9.2 Evocations


You had 16 spell levels left.
You knew the following spells:

 Your Spells              Type           Power      Damage    Failure   Level
a - Sublimation of Blood  Necr           95%        N/A       1%          2
b - Frozen Ramparts       Ice            100%       1d16      1%          3
c - Ozocubu's Armour      Ice            100%       N/A       1%          3
d - Ozocubu's Refrigerat  Ice            77%        4d24      1%          7
e - Dispel Undead         Necr           95%        3d30      1%          4
f - Death Channel         Necr           47%        N/A       3%          6
g - Polar Vortex          Ice            77%        N/A       10%         9
h - Ignition              Fire           59%        3d16      5%          8

Your spell library contained the following spells:

 Spells                   Type           Power      Damage    Failure   Level
 Foxfire                  Conj/Fire      100%       2x1d9     1%          1
 Freeze                   Ice            100%       1d10      1%          1
 Kiss of Death            Conj/Necr      100%       2d13      1%          1
 Necrotise                Necr           100%       1d9       1%          1
 Cigotuvi's Dreadful Rot  Necr/Pois/Air  100%       N/A       1%          2
 Ensorcelled Hibernation  Hex/Ice        100%       N/A       1%          2
 Scorch                   Fire           100%       2d9       1%          2
 Hailstorm                Conj/Ice       100%       3d20      1%          3
 Ignite Poison            Fire/Tmut/Pois 76%        N/A       1%          3
 Vampiric Draining        Necr           95%        2d12      1%          3
 Volatile Blastmotes      Fire/Tloc      100%       2d18      1%          3
 Ice Form                 Ice/Tmut       100%       N/A       1%          4
 Sticky Flame             Conj/Fire      89%        2d10      1%          4
 Summon Ice Beast         Ice/Summ       100%       N/A       1%          4
 Agony                    Necr           95%        N/A       1%          5
 Fireball                 Conj/Fire      44%        3d18      1%          5
 Metabolic Englaciation   Hex/Ice        60%        N/A       1%          5
 Anguish                  Hex/Necr       36%        N/A       2%          4
 Apportation              Tloc           74%        N/A       3%          1
 Beastly Appendage        Tmut           74%        N/A       3%          1
 Sandblast                Erth           74%        2d16      3%          1
 Shock                    Conj/Air       100%       1d9       3%          1
 Slow                     Hex            100%       N/A       3%          1
 Sting                    Tmut/Pois      100%       1d8       3%          1
 Summon Small Mammal      Summ           100%       N/A       3%          1
 Freezing Cloud           Conj/Ice/Air   52%        6-21      3%          5
 Blink                    Tloc           74%        N/A       4%          2
 Lesser Beckoning         Tloc           74%        N/A       4%          2
 Momentum Strike          Conj/Tloc      74%        3d10      4%          2
 Passwall                 Tmut/Erth      30%        N/A       4%          2
 Poisonous Vapours        Pois/Air       74%        N/A       4%          2
 Static Discharge         Conj/Air       74%        2-6/arc   4%          2
 Wereblood                Tmut           37%        N/A       4%          2
 Borgnjor's Vile Clutch   Necr/Erth      36%        N/A       7%          5
 Plasma Beam              Fire/Air       44%        2x1d64    7%          6
 Starburst                Conj/Fire      44%        6d12      7%          6
 Call Canine Familiar     Summ           37%        N/A       8%          3
 Confusing Touch          Hex            37%        N/A       8%          3
 Gell's Gravitas          Tloc           37%        N/A       8%          3
 Mephitic Cloud           Conj/Pois/Air  37%        N/A       8%          3
 Portal Projectile        Hex/Tloc       74%        N/A       8%          3
 Spider Form              Tmut/Pois      37%        N/A       8%          3
 Stone Arrow              Conj/Erth      74%        3d11      8%          3
 Summon Guardian Golem    Hex/Summ       37%        N/A       8%          3
 Swiftness                Air            37%        N/A       8%          3
 Teleport Other           Tloc           37%        N/A       8%          3
 Vhi's Electric Charge    Tloc/Air       74%        N/A       8%          3
 Airstrike                Air            18%        2d(3-19)  22%         4
 Cause Fear               Hex            18%        N/A       22%         4
 Leda's Liquefaction      Hex/Erth       18%        N/A       22%         4
 Manifold Assault         Tloc           37%        N/A       22%         4
 Olgreb's Toxic Radiance  Pois           37%        N/A       22%         4
 Petrify                  Tmut/Erth      37%        N/A       22%         4
 Summon Lightning Spire   Summ/Air       37%        N/A       22%         4
 Alistair's Intoxication  Tmut/Pois      24%        N/A       50%         5
 Arcjolt                  Conj/Air       18%        1d28      50%         5
 Blade Hands              Tmut           18%        N/A       50%         5
 Irradiate                Conj/Tmut      18%        3d17      50%         5
 Iskenderun's Battlesphe  Conj           37%        2d9       50%         5
 Lee's Rapid Deconstruct  Erth           18%        3d11*     50%         5
 Summon Forest            Summ/Tloc      18%        N/A       50%         5
 Summon Mana Viper        Hex/Summ       37%        N/A       50%         5
 Yara's Violent Unravell  Hex/Tmut       18%        3d9       50%         5
 Infestation              Necr           47%        N/A       71%         8
 Haunt                    Necr/Summ      36%        N/A       83%         7
 Conjure Ball Lightning   Conj/Air       18%        3x3d6     96%         6
 Dispersal                Tloc           18%        N/A       96%         6
 Eringya's Noxious Bog    Tmut/Pois      18%        N/A       96%         6
 Iron Shot                Conj/Erth      18%        9d4       96%         6
 Summon Cactus Giant      Summ           18%        N/A       96%         6
 Enfeeble                 Hex            18%        N/A       100%        7
 Malign Gateway           Summ/Tloc      18%        N/A       100%        7
 Monstrous Menagerie      Summ           18%        N/A       100%        7
 Orb of Destruction       Conj           18%        9d8       100%        7
 Spellforged Servitor     Conj/Summ      18%        N/A       100%        7
 Summon Hydra             Summ           18%        N/A       100%        7
 Discord                  Hex            18%        N/A       100%        8
 Disjunction              Tloc           18%        N/A       100%        8
 Lehudib's Crystal Spear  Conj/Erth      18%        10d6      100%        8
 Summon Horrible Things   Summ           18%        N/A       100%        8
 Animate Dead             Necr           Unusable   N/A       N/A         4
 Simulacrum               Ice/Necr       Unusable   N/A       N/A         6
 Animate Armour           Summ/Erth      Unusable   N/A       N/A         4

Dungeon Overview and Level Annotations

Branches:
Dungeon (15/15)            Temple (0/1) D:4            Lair (4/5) D:9
  Swamp (4/4) Lair:2        Snake (4/4) Lair:3        Slime (0/5) Lair:4
    Orc (2/2) D:10            Elf (3/3) Orc:2        Vaults (5/5) D:14
  Crypt (3/3) Vaults:3     Depths (4/4) D:15           Hell (visited)
    Zot (5/5) Depths:4      Sewer (visited)         Gauntlet (visited)
   Tomb: Crypt:3        Dis: Hell:1         Geh: Hell:1         Coc: Hell:1
    Tar: Hell:1

Altars:
Gozag
Kikubaaqudgha
Nemelex Xobeh
Okawaru
Trog
Uskayaw
Jiyva

Shops:
D:2 ?   D:7 (   D:9 !=   D:10 =   D:12 =   D:14 (!   D:15 [   Orc:2 **:=(
Elf:2 [   Elf:3 =   Snake:1 (   Snake:2 :=:   Snake:4 :   Vaults:1 [
Vaults:2 *!!(*   Vaults:3 :   Depths:2 (   Depths:3 [(=[?

Portals:
Hell: Depths:1 Depths:2 Depths:3 Depths:4
Abyss: Depths:3
Pandemonium: Depths:2 Depths:3
Ziggurat: Depths:4

Annotations:
D:8 2 transporters, Draugr's ghost, novice DEFE
D:15 2 transporters, Loaloix's ghost, journeyman GrMo
Elf:2 Roxanne
Elf:3 exclusion: 2 doors
Vaults:2 2 transporters, exclusion: orange crystal statue
Vaults:3 2 transporters, 3 runed translucent doors, agentgt's ghost, veteran KoAK
Hell Geryon


Innate Abilities, Weirdness & Mutations

You can breathe blasts of scalding, opaque steam.
Your pale cyan-grey scales are hard. (AC +12)
You cannot fit into any form of body armour.
You are cold-blooded and may be slowed by cold attacks.
You are immune to the effects of steam.
Your spells are a little harder to cast, but a little more powerful.


Message History

You climb upwards.
There is a stone staircase leading down here.
Magic restored.
An efreet comes into view.
It is wielding a +2 scimitar of flaming.
Casting: Polar Vortex (dangerous; 10% risk of failure)
Confirm with . or Enter, or press ? or * to list all spells.
You feel a surge of power!
A great freezing vortex appears and lifts you up.
You kill the efreet!
You now have 1672 gold pieces (gained 13).
You see here a +2 scimitar of flaming.
The winds around you start to calm down.
You float gracefully downwards.
You are engulfed in whirling frost.
(D) Dungeon (T) Temple (L) Lair (S) Swamp (P) Snake Pit (M) Slime Pits (O) Orcish Mines (E) Elven Halls (V) Vaults (C) Crypt (U) Depths (H) Hell (Z) Zot
Where to? (Enter - D:1, ? - help)
The winds around you calm down.
There is a stone staircase leading up here.
You climb upwards.
There is a stone staircase leading down here.
You sense a monster nearby.
A reaper and a demonspawn blood saint come into view.
The reaper is wielding a +1 heavy scythe.
The demonspawn blood saint is wielding a +0 dagger and wearing a +0 robe of willpower.
Casting: Polar Vortex (dangerous; 10% risk of failure)
Confirm with . or Enter, or press ? or * to list all spells.
You feel a surge of power!
A great freezing vortex appears and lifts you up.
A demonspawn warmonger comes into view.
It is wielding a +3 battleaxe of freezing and wearing a +4 plate armour of ponderousness.
There is a stone staircase leading up here.
You fly upwards.
There is a stone staircase leading down here.
(D) Dungeon (T) Temple (L) Lair (S) Swamp (P) Snake Pit (M) Slime Pits (O) Orcish Mines (E) Elven Halls (V) Vaults (C) Crypt (U) Depths (H) Hell (Z) Zot
Where to? (Enter - D:1, ? - help) You're already here!
The winds around you calm down.
You see here a +0 scale mail.
A demonspawn blood saint and a blizzard demon come into view.
The demonspawn blood saint moves out of view.
The blizzard demon moves out of view.
There is a stone staircase leading down here.
You enter the shallow water.
Moving in this stuff is going to be slow.
There is a staircase leading out of the dungeon here.
You have escaped!

#~~P##.#
#...####
#.##PP~# ###.#
#.##P~P# #.#
#...P~~#####.#
#.#####~P~...#
#.# #PP~##.#
#.### #P~P##.#
#...# #.##P~P#
#.@.###.##P~~#
#.........~P~#
##############


There were no monsters in sight!

Vanquished Creatures
  2 dread liches (Vaults:5)
  An ancient lich (Vaults:5)
  5 orbs of fire
  2 juggernauts (Depths:3)
  Mennas (Depths:4)
  Bai Suzhen (Crypt:1)
  Saint Roka (Vaults:5)
  5 caustic shrikes (Depths:4)
  A curse toe (Zot:2)
  8 golden dragons
  A Brimstone Fiend (Depths:1)
  2 doom hounds (Crypt:1)
  3 electric golems
  A Hell Sentinel (Zot:3)
  5 tentacled monstrosities
  A shard shrike skeleton (Crypt:2)
  8 Orb Guardians
  Grunn (Crypt:1)
  7 quicksilver dragons
  3 titans
  2 deep elf blademasters (Elf:3)
  2 deep elf master archers (Elf:3)
  Gastronok (Lair:2)
  A lich (Vaults:5)
  2 walking frostbound tomes (Depths:3)
  10 ancient champions
  4 sphinxes
  3 death cobs
  8 tengu reavers
  10 shadow dragons
  11 storm dragons
  4 revenants (Crypt:2)
  12 fire giants
  6 nagarajas
  6 draconian knights
  A fenstrider witch (shapeshifter) (Vaults:5)
  6 draconian monks
  A fenstrider witch (Swamp:4)
  3 deep elf sorcerers
  7 frost giants
  Louise (Depths:3)
  4 draconian scorchers
  2 orc warlords
  17 vault wardens
  5 spectral caustic shrikes (Depths:3)
  A draconian stormcaller (Zot:1)
  4 ghost moths
  5 deep elf elementalists (Elf:3)
  2 curse skulls (Crypt:2)
  A balrug (Depths:1)
  A juggernaut skeleton (Crypt:2)
  6 draconian shifters
  6 draconian annihilators
  22 very ugly things
  20 ironbound preservers
  8 stone giants
  A caustic shrike skeleton (Crypt:3)
  8 ironbound thunderhulks
  2 war gargoyles
  7 ghouls
  7 vampire knights
  5 black draconians
  7 deep elf demonologists
  14 green draconians
  11 deep elf annihilators
  A lorocyproca (D:6)
  3 demonspawn black suns (Zot:1)
  4 eleionomae
  7 purple draconians
  3 dire elephants (Vaults:1)
  A minotaur (Gauntlet)
  5 yellow draconians
  7 bunyips
  8 spark wasps
  2 white draconians
  Snorg (Lair:4)
  10 ettins
  2 eidola (Crypt:1)
  9 deep elf death magi
  7 jiangshi
  8 red draconians
  A blizzard demon (Depths:2)
  2 merfolk javelineers (Depths:2)
  4 fire dragons
  A green death (Depths:3)
  A pearl dragon skeleton (Crypt:2)
  3 shambling mangroves (Swamp:4)
  The ghost of Plommelars the Blocker, a journeyman MiFi of Wu Jian (Lair:1)
  3 rakshasas
  12 yaktaur captains
  Fannar (Lair:1)
  5 deep elf high priests
  4 great orbs of eyes
  3 quicksilver dragon skeletons (Crypt:2)
  7 ice dragons
  34 vault guards
  3 salamander tyrants (Snake:4)
  11 hydras
  5 ironbound frosthearts
  A ghost crab (Swamp:4)
  A radroach (shapeshifter) (Vaults:5)
  2 hell beasts
  8 centaur warriors
  A death knight (Crypt:2)
  7 two-headed ogres
  3 ogre magi
  10 dancing weapons
  2 spriggan air magi
  A two-headed ogre (shapeshifter) (Vaults:5)
  Erica (D:9)
  10 anacondas
  9 boulder beetles
  2 catoblepae
  11 alligators
  7 deep troll shamans
  9 deep troll earth magi
  12 naga warriors
  Urug (Orc:1)
  5 tengu warriors
  4 vampire magi
  Nergalle (Orc:1)
  9 spriggan berserkers
  A storm dragon zombie (Crypt:1)
  3 sun demons
  17 naga sharpshooters
  5 shock serpents
  4 hell knights (Depths:3)
  A soul eater (Vaults:3)
  A titan skeleton (Crypt:3)
  Amaemon (D:9)
  11 deep elf knights
  A skyshark (Lair:4)
  4 shadow wraiths
  9 iron trolls
  A storm dragon skeleton (Crypt:2)
  5 salamander mystics
  5 goliath frogs
  A hellephant skeleton (Crypt:2)
  40 skeletal warriors
  2 sea snakes (Snake:2)
  80 deep trolls
  2 flayed ghosts
  Lodul (D:14)
  2 glowing orange brains (Depths:2)
  An orange crystal statue (Depths:1)
  9 deep elf archers
  10 naga ritualists
  3 spriggan druids
  2 shadow dragon zombies
  4 swamp dragons (Swamp:4)
  An obsidian statue (Zot:5)
  9 wizards
  8 harpies (Vaults:3)
  24 deep elf pyromancers
  12 phantasmal warriors
  10 bog bodies
  2 anaconda skeletons (Crypt:2)
  5 orc knights
  13 ironbound convokers
  3 lindwurms (Vaults:1)
  A golden dragon skeleton (Crypt:2)
  37 ugly things
  3 oklob plants (Lair:4)
  4 cyclopes
  7 mana vipers
  9 necromancers
  2 stone giant zombies
  26 deep elf zephyrmancers
  4 orc sorcerers
  4 will-o-the-wisps
  A cyclops (shapeshifter) (Depths:4)
  7 manticores
  13 salamanders
  31 moths of wrath
  39 black mambas
  A frost giant skeleton (Depths:1)
  3 smoke demons
  10 vault sentinels
  8 elephants
  3 guardian serpents
  21 naga magi
  A black mamba (shapeshifter) (Depths:3)
  2 orange demons
  2 torpor snails
  Joseph (D:7)
  6 cane toads
  5 gargoyles
  Maggie (D:7)
  A kobold demonologist (D:12)
  3 efreet
  A hellion (Gauntlet)
  A yaktaur (shapeshifter) (Elf:1)
  A minotaur zombie (Gauntlet)
  An unseen horror (D:11)
  2 rime drakes (Lair:3)
  A dire elephant skeleton (Crypt:2)
  5 ice devils
  An unseen horror zombie (Crypt:3)
  4 guardian mummies (Crypt:1)
  4 tengu conjurers
  8 komodo dragons
  A red draconian zombie (Crypt:1)
  44 yaktaurs
  2 freezing wraiths
  A sea snake skeleton (Crypt:1)
  8 trolls
  2 red devils
  A queen bee (shapeshifter) (D:15)
  2 bloated husks (Swamp:1)
  4 hellwings (Depths:2)
  17 hornets
  2 polar bears
  A wolf spider simulacrum (D:12)
  A hydra skeleton (Crypt:2)
  10 blink frogs
  3 large abominations
  11 tyrant leeches
  An ice dragon zombie (Crypt:1)
  3 dream sheep (Lair:3)
  Grinder (D:5)
  A dream sheep (shapeshifter) (D:12)
  A spriggan zombie (Depths:1)
  3 flying skulls
  An ice dragon skeleton (Crypt:1)
  22 slime creatures
  3 air elementals
  A guardian serpent skeleton (Crypt:2)
  A jumping spider (shapeshifter) (Vaults:5)
  12 spriggans
  An ettin skeleton (Depths:1)
  A ynoxinul (Depths:4)
  A shadow (D:12)
  12 water elementals
  A vampire (D:9)
  5 wraiths
  8 yaks
  3 fire elementals (Gauntlet)
  A steam dragon (D:5)
  4 wyverns
  A basilisk (Lair:3)
  A chaos spawn (Depths:3)
  A redback (shapeshifter) (D:15)
  14 vampire mosquitoes
  2 redbacks (D:12)
  11 swamp worms
  2 human zombies
  46 nagas
  An acid dragon (D:10)
  12 water moccasins
  9 wargs
  3 hell hounds (Gauntlet)
  7 swamp drakes (Swamp:4)
  42 orc warriors
  2 ice beasts (D:5)
  A sky beast (D:8)
  2 black bears (D:5)
  A lindwurm zombie (Crypt:2)
  A snapping turtle zombie (Crypt:2)
  A blink frog zombie (Crypt:2)
  A centaur (shapeshifter) (Elf:3)
  10 wolves
  18 ogres
  20 centaurs
  2 phantoms
  A hog skeleton (Crypt:2)
  2 kobold brigands
  2 necrophages
  A fire crab zombie (Crypt:2)
  7 bullfrogs
  5 elf zombies (Elf:1)
  An earth elemental (Elf:3)
  A gnoll sergeant (D:6)
  An elf skeleton (Crypt:2)
  2 scorpions (D:5)
  11 wights
  A troll zombie (Crypt:3)
  4 killer bees (D:9)
  A yak skeleton (Crypt:3)
  A howler monkey (shapeshifter) (Vaults:5)
  5 electric eels
  4 howler monkeys
  9 orc priests
  4 hounds
  3 gnoll boudas
  3 human skeletons (Crypt:1)
  A sleepcap (D:8)
  An iguana (shapeshifter) (Depths:3)
  4 iguanas
  22 orc wizards
  A deep dwarf skeleton (Crypt:1)
  An ogre skeleton (Crypt:3)
  2 mummies (Crypt:1)
  A howler monkey zombie (Crypt:1)
  10 adders
  17 gnolls
  A river rat (D:10)
  A shadow imp (D:5)
  A swamp drake skeleton (Crypt:2)
  2 white imps
  2 ufetubi
  An iguana skeleton (Crypt:3)
  3 worms
  4 dart slugs
  76 orcs
  A bat skeleton (Crypt:2)
  7 endoplasms
  2 giant cockroaches
  8 goblins
  8 hobgoblins
  7 quokkas
  A quokka (shapeshifter) (Depths:3)
  2 ball pythons (Sewer)
  A ball python zombie (Crypt:1)
  6 bats
  4 frilled lizards
  11 kobolds
  A kobold skeleton (Crypt:2)
  3 rats
1910 creatures vanquished.

Vanquished Creatures (collateral kills)
  An orb of fire (Zot:3)
  An ancient lich (Zot:5)
  A golden dragon (Zot:2)
  2 tentacled monstrosities
  An electric golem (Zot:2)
  4 Orb Guardians (Zot:5)
  2 death cobs (Zot:3)
  A shadow dragon (Zot:2)
  4 storm dragons
  A draconian knight (Zot:5)
  A draconian stormcaller (Zot:5)
  3 green draconians
  4 red draconians
  A yellow draconian (Zot:3)
  A purple draconian (Zot:4)
  A tengu warrior (D:9)
  5 moths of wrath
  An ugly thing (D:9)
  A slime creature (D:15)
  A centaur simulacrum (D:15)
  2 orcs (Orc:1)
  A frilled lizard (Sewer)
40 creatures vanquished.

Vanquished Creatures (others)
  A dread lich (Zot:5)
  An ancient lich (Zot:5)
  2 orbs of fire (Zot:5)
  3 Killer Klowns (Zot:5)
  A curse toe (Zot:5)
  A golden dragon (Zot:2)
  2 electric golems (Zot:5)
  2 tentacled monstrosities (Zot:3)
  15 Orb Guardians (Zot:5)
  2 death cobs
  2 draconian knights
  A draconian monk (Zot:4)
  A draconian scorcher (Zot:2)
  A ghost moth (Zot:2)
  2 draconian shifters (Zot:5)
  A draconian stormcaller (Zot:5)
  2 draconian annihilators (Zot:3)
  5 green draconians
  4 red draconians
  2 purple draconians (Zot:3)
  3 black draconians
  3 yellow draconians
  2 white draconians
  8 moths of wrath
  A smoke demon (Depths:1)
  A wolf (Lair:1)
  An ufetubus (D:7)
70 creatures vanquished.

Grand Total: 2020 creatures vanquished

Notes
Turn   | Place    | Note
-------+----------+-------------------------------------------
     0 | D:1      | GeoRichter the Draconian Ice Elementalist began the quest
                  | for the Orb.
     0 | D:1      | Reached XP level 1. HP: 14/14 MP: 3/3
   339 | D:1      | Reached XP level 2. HP: 19/20 MP: 0/5
  1321 | D:2      | Found Konyor's Magic Scroll Emporium.
  1330 | D:2      | Bought a scroll of teleportation for 33 gold pieces
  1330 | D:2      | Bought a scroll of identify for 22 gold pieces
  1445 | D:2      | Reached skill level 5 in Ice Magic
  1445 | D:2      | Reached XP level 3. HP: 26/26 MP: 0/6
  1449 | D:2      | Learned a level 3 spell: Frozen Ramparts
  1553 | D:2      | Found an opulent altar of Gozag.
  1564 | D:2      | Became a worshipper of Gozag Ym Sagoz the Greedy
  2012 | D:3      | Found a glowing drain.
  2030 | D:3      | Reached XP level 4. HP: 33/33 MP: 0/7
  2095 | Sewer    | Entered a sewer
  2216 | Sewer    | Noticed Pargi
  2310 | D:3      | Learned a level 3 spell: Ozocubu's Armour
  2342 | D:3      | Reached skill level 6 in Ice Magic
  2592 | D:3      | Reached XP level 5. HP: 38/38 MP: 1/8
  2803 | D:3      | Noticed an ice beast
  3271 | D:4      | Noticed an ogre
  3305 | D:4      | Found a staircase to the Ecumenical Temple.
  3363 | D:4      | Reached skill level 7 in Ice Magic
  3539 | D:4      | Killed an ogre
  3540 | D:4      | Reached XP level 6. HP: 39/45 MP: 9/9
  3780 | D:4      | Found a hide-covered altar of Uskayaw.
  3927 | D:5      | Entered Level 5 of the Dungeon
  3927 | D:5      | Noticed Grinder
  3955 | D:5      | Reached skill level 8 in Ice Magic
  4025 | D:5      | Reached skill level 1 in Fighting
  4078 | D:4      | Reached skill level 1 in Evocations
  4078 | D:4      | Your scales start taking on a pale cyan-grey colour.
  4078 | D:4      | Reached XP level 7. HP: 22/56 MP: 3/10
  4078 | D:4      | Gained mutation: You are immune to the effects of steam.
                  | [Pale Draconian growth]
  4593 | D:5      | Noticed a steam dragon
  4617 | D:5      | Killed a steam dragon
  4618 | D:5      | Reached XP level 8. HP: 66/67 MP: 13/13
  4686 | D:5      | Killed Grinder
  4687 | D:5      | Reached skill level 5 in Fighting
  4724 | D:5      | Found a sparkling altar of Nemelex Xobeh.
  5870 | D:6      | Reached skill level 5 in Spellcasting
  6150 | D:6      | Reached XP level 9. HP: 81/81 MP: 16/16
  6510 | D:7      | Noticed Joseph
  6701 | D:7      | Noticed Maggie
  6718 | D:7      | Killed Maggie
  7669 | D:7      | Killed Joseph
  7832 | D:8      | Reached skill level 10 in Fighting
  8064 | D:8      | Found a transporter.
  8066 | D:8      | Noticed Draugr's ghost (novice DEFE)
  8067 | D:8      | Identified the +9 dire flail of Ointment {drain, Str+3
                  | Stlth+}
  8446 | D:9      | Noticed a two-headed ogre
  8453 | D:9      | Killed a two-headed ogre
  8454 | D:9      | Reached XP level 10. HP: 93/93 MP: 14/21
  8477 | D:9      | Reached skill level 9 in Ice Magic
  8654 | D:9      | Noticed an orange demon
  8675 | D:9      | Noticed Amaemon
  8688 | D:9      | Noticed Erica
  8694 | D:9      | Killed Erica
  8695 | D:9      | Reached skill level 10 in Ice Magic
  8722 | D:9      | Killed Amaemon
  8722 | D:9      | Killed an orange demon
  8961 | D:9      | Found a staircase to the Lair.
  8984 | D:9      | Learned a level 7 spell: Ozocubu's Refrigeration
  9050 | D:9      | Noticed a cyclops
  9060 | D:9      | Noticed a boulder beetle
  9064 | D:9      | Killed a cyclops
  9065 | D:9      | Reached skill level 11 in Ice Magic
  9079 | D:9      | Killed a boulder beetle
  9080 | D:9      | Reached XP level 11. HP: 72/99 MP: 19/23
  9228 | D:9      | Noticed a cyan ugly thing
  9229 | D:9      | Identified the +1 long sword of the Furious {venom, rC+}
  9244 | D:9      | Noticed a tengu warrior
  9248 | D:9      | Killed a tengu warrior
  9249 | D:9      | Killed a cyan ugly thing
  9250 | D:9      | Noticed a boulder beetle
  9459 | D:8      | Found a transporter.
  9507 | D:8      | Identified 2 scrolls of acquirement
  9507 | D:8      | Acquired the Omnibus of Nival Profane Ceremonies
  9509 | D:8      | Acquired 716 gold pieces
  9530 | Lair:1   | Entered Level 1 of the Lair of Beasts
  9612 | Lair:1   | Noticed Fannar
  9632 | Lair:1   | Killed Fannar
  9633 | Lair:1   | Reached skill level 12 in Ice Magic
 10433 | Lair:1   | Found a transporter.
 10454 | Lair:1   | Noticed Plommelars's ghost (journeyman MiFi)
 10467 | Lair:1   | Found a transporter.
 10714 | Lair:2   | Reached skill level 13 in Ice Magic
 10717 | Lair:2   | Reached skill level 10 in Spellcasting
 10774 | Lair:2   | Identified the +0 robe "Emynoim" {Str+2 Int-2 Dex+2}
 10909 | Lair:2   | Noticed Gastronok
 10929 | Lair:2   | Killed Gastronok
 11234 | Lair:2   | Reached XP level 12. HP: 90/106 MP: 23/26
 11580 | Lair:2   | Found a staircase to the Swamp.
 11705 | Lair:2   | Reached skill level 14 in Ice Magic
 12047 | Lair:3   | Identified the +7 falchion "Beetlebane" {heavy, rC+ Int+3}
 12049 | Lair:3   | Noticed an eight-headed hydra
 12056 | Lair:3   | Killed an eight-headed hydra
 12439 | Lair:3   | Identified the +10 dagger of Setusu {venom, +Blink rPois}
 12565 | Lair:3   | Noticed a catoblepas
 12570 | Lair:3   | Killed a catoblepas
 12768 | Lair:3   | Reached skill level 5 in Shields
 12774 | Lair:3   | Reached skill level 15 in Ice Magic
 13282 | Lair:3   | Found a staircase to the Snake Pit.
 13544 | Lair:4   | Found a gate leading to a gauntlet.
 13548 | Gauntlet | Entered a Gauntlet
 13548 | Gauntlet | Found a transporter.
 13551 | Gauntlet | Found a transporter.
 13565 | Gauntlet | Found a transporter.
 13569 | Gauntlet | Found a transporter.
 13577 | Gauntlet | Noticed a balrug
 13587 | Gauntlet | Found a transporter.
 13600 | Gauntlet | Found a transporter.
 13611 | Gauntlet | Noticed a five-headed hydra
 13613 | Gauntlet | Found a transporter.
 13633 | Gauntlet | Found a transporter.
 13637 | Gauntlet | Found a transporter.
 13645 | Gauntlet | Found a transporter.
 13668 | Gauntlet | Found a transporter.
 13672 | Gauntlet | Found a transporter.
 13672 | Gauntlet | Found the +0 pair of fencer's gloves {Riposte Dex+3}
 13928 | Gauntlet | Identified the amulet of Fanaticism {Acrobat +Blink rF+
                  | rC++ Str+3 Slay+2}
 14064 | Gauntlet | Identified the +6 short sword "Giantslayer" {heavy, rElec
                  | rC- Int+2}
 14064 | Gauntlet | Noticed a minotaur
 14069 | Gauntlet | Killed a minotaur
 14517 | Lair:4   | Reached skill level 16 in Ice Magic
 14583 | Lair:4   | Found a viscous altar of Jiyva.
 14584 | Lair:4   | Found a staircase to the Slime Pits.
 14736 | Lair:4   | Reached XP level 13. HP: 67/113 MP: 8/27
 15286 | Lair:4   | Noticed Snorg
 15292 | Lair:4   | Killed Snorg
 15813 | D:9      | Bought the ring "Wisuuseti" {Will+ Int+2 SInv} for 686 gold
                  | pieces
 15815 | D:9      | Bought a potion of heal wounds for 90 gold pieces
 15815 | D:9      | Bought 2 potions of haste for 360 gold pieces
 15815 | D:9      | Bought a potion of heal wounds for 90 gold pieces
 15815 | D:9      | Bought a potion of haste for 180 gold pieces
 16347 | D:9      | Bought a potion of cancellation for 144 gold pieces
 16365 | D:10     | Entered Level 10 of the Dungeon
 16370 | D:10     | Reached skill level 17 in Ice Magic
 17003 | D:10     | Found a staircase to the Orcish Mines.
 17732 | Orc:1    | Entered Level 1 of the Orcish Mines
 17842 | Orc:1    | Noticed an orc warlord
 17865 | Orc:1    | Killed an orc warlord
 17869 | Orc:1    | Noticed Nergalle
 18145 | Orc:1    | Killed Nergalle
 18532 | Orc:1    | Noticed Urug
 18534 | Orc:1    | Killed Urug
 19197 | Orc:2    | Entered Level 2 of the Orcish Mines
 19197 | Orc:2    | Found an iron altar of Okawaru.
 19197 | Orc:2    | Found Yloqem's Weapon Emporium.
 19300 | Orc:2    | Found a staircase to the Elven Halls.
 20818 | Orc:2    | Reached XP level 14. HP: 116/121 MP: 14/29
 20968 | Orc:2    | Found Zauhal Hocwu's Book Shop.
 20968 | Orc:2    | Found Zoymmof's General Store.
 20970 | Orc:2    | Found Opsaolomu's General Store.
 20972 | Orc:2    | Found Onunuig's Jewellery Boutique.
 20976 | Orc:2    | Bought a book of Blood for 476 gold pieces
 20979 | Orc:2    | Learned a level 2 spell: Sublimation of Blood
 20980 | Orc:2    | Bought a potion of curing for 36 gold pieces
 20982 | Orc:2    | Bought a potion of mutation for 96 gold pieces
 21476 | D:11     | Reached skill level 18 in Ice Magic
 21819 | D:11     | Reached skill level 1 in Necromancy
 22176 | D:11     | Learned a level 4 spell: Dispel Undead
 22183 | D:11     | Learned a level 6 spell: Death Channel
 22355 | D:12     | Reached skill level 5 in Dodging
 23376 | D:12     | Found Ogenirogh's Jewellery Emporium.
 23806 | D:12     | Reached skill level 5 in Necromancy
 25922 | D:14     | Noticed Lodul
 25924 | D:14     | Killed Lodul
 26115 | D:14     | Found Gozag's Platinum Reserve.
 26140 | D:14     | Found an opulent altar of Gozag.
 26582 | D:14     | Found a gate to the Vaults.
 26582 | D:14     | Noticed an ironbound preserver
 26722 | D:14     | Killed an ironbound preserver
 27441 | D:14     | Found Sipsoph's Distillery.
 27447 | D:14     | Bought a potion of mutation for 112 gold pieces
 27447 | D:14     | Bought a potion of resistance for 140 gold pieces
 27464 | D:14     | Found Famuras's Antique Weapon Boutique.
 27597 | D:15     | Entered Level 15 of the Dungeon
 27647 | D:15     | Found a transporter.
 27647 | D:15     | Noticed a frost giant
 27649 | D:15     | Noticed Loaloix's ghost (journeyman GrMo)
 27670 | D:15     | Found a transporter.
 27686 | D:15     | Reached XP level 15. HP: 114/123 MP: 6/31
 28285 | D:15     | Identified the staff of conjuration "Seckas" {rPois}
 28789 | D:15     | Found a staircase to the Depths.
 29095 | D:15     | Found Milamus's Antique Armour Boutique.
 29131 | D:15     | Got the Spellbook of Remoulded Movement
 29319 | D:15     | Learned a level 9 spell: Polar Vortex
 29530 | Snake:1  | Entered Level 1 of the Snake Pit
 29784 | Snake:1  | Got the Folio of the Flaming Winter
 29945 | Snake:1  | Found Xuutsydd's Weapon Boutique.
 30098 | Snake:1  | Reached skill level 10 in Dodging
 31492 | Snake:2  | You fall into a shaft and drop 1 floor!
 31515 | Snake:3  | Noticed a nagaraja
 31519 | Snake:3  | Killed a nagaraja
 31834 | Snake:3  | Reached skill level 19 in Ice Magic
 32324 | Snake:2  | Found Ekluur's Book Shoppe.
 32324 | Snake:2  | Found Ocucvef's Jewellery Shop.
 32326 | Snake:2  | Found Uxanuagh's Book Shoppe.
 32334 | Snake:2  | Bought the ring "Afoink" {rElec Will+ Str-4 Int+3 SInv} for
                  | 585 gold pieces
 33090 | Snake:2  | Reached XP level 16. HP: 113/134 MP: 11/32
 33207 | Snake:2  | Identified the +9 great sword of the Chewing Fulmar
                  | {freeze, rC+ Str+6}
 34685 | Snake:4  | Entered Level 4 of the Snake Pit
 34906 | Snake:4  | Reached skill level 20 in Ice Magic
 36183 | Snake:4  | Found Geysuurch's Book Shoppe.
 37795 | Snake:4  | Reached skill level 21 in Ice Magic
 39117 | Snake:4  | Got a serpentine rune of Zot
 39137 | Snake:4  | Reached XP level 17. HP: 119/140 MP: 20/35
 39565 | Swamp:1  | Entered Level 1 of the Swamp
 40138 | Swamp:1  | Identified the +2 robe of Imperfection {rN+ Dex+4 Stlth-}
 41675 | Swamp:2  | Reached skill level 22 in Ice Magic
 42813 | Swamp:3  | Reached skill level 15 in Spellcasting
 43610 | Swamp:4  | Entered Level 4 of the Swamp
 45775 | Swamp:4  | Got a decaying rune of Zot
 46437 | Elf:1    | Entered Level 1 of the Elven Halls
 46443 | Elf:1    | Reached skill level 23 in Ice Magic
 46637 | Elf:1    | Paralysed by an air elemental for 1 turns
 47200 | Elf:1    | Reached XP level 18. HP: 147/147 MP: 27/37
 47391 | Elf:1    | Got Miecrir's Lectures on the Mausoleum
 47889 | Elf:2    | Found Ratse's Antique Armour Boutique.
 49178 | Elf:2    | Identified Roxanne's Lessons on Transition
 49178 | Elf:2    | Noticed Roxanne
 49197 | Elf:3    | Entered Level 3 of the Elven Halls
 50335 | Elf:2    | Found an ancient bone altar of Kikubaaqudgha.
 50594 | Elf:3    | Reached skill level 24 in Ice Magic
 51682 | Elf:3    | Found Zusmotic's Jewellery Shoppe.
 52353 | Elf:3    | Identified the +1 flail of Ceschyaji {freeze, *Noise Fly
                  | Str+6 Dex-4}
 52722 | Elf:3    | Identified the +1 leather armour of Mocum {rN+ Will+
                  | Stlth+}
 52982 | Elf:3    | Identified the +0 morningstar of Mumego {heavy, rElec rC+++
                  | Int-5 Dex+5}
 53353 | Elf:3    | Identified the +1 mace of Devotion {venom, rCorr Str+5
                  | Int-2 SInv}
 53353 | Elf:3    | Identified the amulet "Zeoclisk" {Faith Dex+2}
 53354 | Elf:3    | Identified the +6 spear of Itoept {holy, rN+ Dex+3}
 53356 | Elf:3    | Identified the +0 robe of Depiacigh {rElec rPois Int-4
                  | Archmagi}
 53356 | Elf:3    | Identified the ring "Hoeceud" {+Blink Str+6 Int-2 Dex+6
                  | Stlth+}
 53357 | Elf:3    | Noticed a Brimstone Fiend
 53946 | Elf:3    | Got Habbumm's Tractate on Atmospheric Pyromania
 53947 | Elf:3    | Identified the staff of cold "Oddirhur" {Fly rC+ Dex+2}
 53958 | Elf:3    | Got Alus's Book of Deathly Forms
 53961 | Elf:3    | Identified the staff of cold "Yjecs" {rC+ Will+ MP+9 Dex+6
                  | Stlth-}
 53996 | Elf:3    | Got the Compendium of Moving Embers
 54124 | D:10     | Bought the ring "Avoef" {rF+ rC+ rCorr} for 579 gold pieces
 54250 | Vaults:1 | Entered Level 1 of the Vaults
 54390 | Vaults:1 | Reached XP level 19. HP: 154/154 MP: 33/39
 54682 | Vaults:1 | Found Rett's Armour Shoppe.
 54932 | Vaults:1 | Reached skill level 25 in Ice Magic
 56852 | Vaults:2 | Found Xumeaqir's Weapon Boutique.
 57221 | Vaults:2 | Found Azxoturi's Assorted Antiques.
 57225 | Vaults:2 | Bought a potion of mutation for 248 gold pieces
 57225 | Vaults:2 | Bought a scroll of blinking for 232 gold pieces
 57828 | Vaults:2 | Found Hottuong's Distillery.
 57836 | Vaults:2 | Bought a potion of haste for 150 gold pieces
 57836 | Vaults:2 | Bought 2 potions of mutation for 240 gold pieces
 57836 | Vaults:2 | Bought a potion of mutation for 120 gold pieces
 57836 | Vaults:2 | Bought a potion of heal wounds for 75 gold pieces
 57836 | Vaults:2 | Bought a potion of curing for 45 gold pieces
 57836 | Vaults:2 | Bought 2 potions of haste for 300 gold pieces
 58354 | Vaults:2 | Found Miucor's General Store.
 58359 | Vaults:2 | Bought the ring of Sloth {rElec rN+ MP+9 Str-5 Int+5} for
                  | 581 gold pieces
 58916 | Vaults:2 | Found Ceit's Distillery.
 58928 | Vaults:2 | Bought a potion of resistance for 160 gold pieces
 58928 | Vaults:2 | Bought a potion of haste for 160 gold pieces
 58928 | Vaults:2 | Bought 2 potions of resistance for 320 gold pieces
 59009 | Vaults:2 | Found a transporter.
 59077 | Vaults:2 | Bought 2 potions of cancellation for 256 gold pieces
 59156 | Vaults:2 | Found a transporter.
 59527 | Lair:1   | Killed Plommelars's ghost
 59646 | Lair:1   | Identified the +0 pair of boots of Rihieg {Will++ Str+3
                  | Int+3}
 59998 | Vaults:3 | Found Declaam's Book Shoppe.
 60110 | Vaults:3 | Bought a manual of Staves for 1200 gold pieces
 60204 | Vaults:3 | Reached skill level 1 in Staves
 60407 | Vaults:3 | Found a staircase to the Crypt.
 60415 | Vaults:3 | Reached XP level 20. HP: 121/172 MP: 41/41
 60742 | Vaults:3 | You fall into a shaft and drop 1 floor!
 60849 | Vaults:3 | Reached skill level 5 in Staves
 61306 | Vaults:3 | Found a transporter.
 61327 | Vaults:3 | Found a transporter.
 61427 | Vaults:3 | Found a runed translucent gate.
 61427 | Vaults:3 | Found a runed translucent gate.
 61427 | Vaults:3 | Found a runed translucent gate.
 61428 | Vaults:3 | Noticed agentgt's ghost (veteran KoAK)
 62824 | Vaults:4 | Reached skill level 10 in Shields
 63156 | Vaults:4 | Reached skill level 10 in Staves
 63432 | Vaults:4 | Identified the +2 arbalest of Strategic Superiority
                  | {antimagic, rElec rF- Dex+4}
 63669 | Depths:1 | Entered Level 1 of the Depths
 64363 | Depths:1 | Reached skill level 1 in Fire Magic
 64548 | Depths:1 | Found a bloodstained altar of Trog.
 65227 | Depths:1 | Found a gateway to Hell.
 65353 | Depths:2 | Reached skill level 15 in Fighting
 65692 | Depths:2 | Found Taesal's Antique Weapon Shop.
 65699 | Depths:2 | Identified the amulet of Lutt {Acrobat Int+5}
 65893 | Depths:3 | Found Seamante's Antique Armour Shoppe.
 65896 | Depths:3 | Bought a runed cloak for 202 gold pieces
 66024 | Depths:3 | Reached skill level 5 in Fire Magic
 66025 | Depths:3 | Reached XP level 21. HP: 133/184 MP: 42/42
 66036 | Depths:3 | Noticed a juggernaut
 66055 | Depths:3 | Killed a juggernaut
 66336 | Depths:3 | Noticed a juggernaut
 67412 | Depths:2 | Found a one-way gate leading to the halls of Pandemonium.
 67640 | Depths:2 | Learned a level 8 spell: Ignition
 68054 | Depths:3 | Killed a juggernaut
 68222 | Depths:3 | Reached skill level 10 in Fire Magic
 68839 | Depths:3 | Found Velu's Antique Armour Emporium.
 69116 | Depths:3 | Identified the +3 shortbow of the Gloaming {drain, rF- rN++
                  | Will+ Int+2}
 69165 | Depths:3 | Found Gyfay's Antique Weapon Shoppe.
 69183 | Depths:3 | Noticed a golden dragon
 69615 | Depths:3 | Found a one-way gate to the infinite horrors of the Abyss.
 69615 | Depths:3 | Noticed Louise
 69621 | Depths:3 | Killed Louise
 69695 | Depths:3 | Found Vibam's Jewellery Shoppe.
 69698 | Depths:3 | Found Akhavo's Magic Scroll Emporium.
 69703 | Depths:3 | Bought the ring of Esesakk {rElec rF+ rN+ Str-3 SInv} for
                  | 986 gold pieces
 69723 | Depths:3 | Killed a golden dragon
 69853 | Depths:3 | Bought the +2 hood of the Assassin {Detect Stab+ Stlth++}
                  | for 1560 gold pieces
 69853 | Depths:3 | Found the +2 hood of the Assassin {Detect Stab+ Stlth++}
 70368 | Depths:4 | Entered Level 4 of the Depths
 70373 | Depths:4 | Noticed Mennas
 70416 | Hell     | Entered the Vestibule of Hell
 70416 | Hell     | Noticed Geryon
 70506 | Depths:4 | Found a one-way gateway to a ziggurat.
 71206 | Depths:4 | Killed Mennas
 71207 | Depths:4 | Reached XP level 22. HP: 199/199 MP: 43/43
 71316 | Depths:4 | Noticed a caustic shrike
 71323 | Depths:4 | Killed a caustic shrike
 71392 | Depths:4 | Noticed a caustic shrike
 71397 | Depths:4 | Noticed a caustic shrike
 71400 | Depths:4 | Killed a caustic shrike
 71401 | Depths:4 | Noticed a caustic shrike
 71402 | Depths:4 | Killed a caustic shrike
 71409 | Depths:4 | Noticed a caustic shrike
 71411 | Depths:4 | Killed a caustic shrike
 71414 | Depths:4 | Killed a caustic shrike
 72182 | Depths:4 | Noticed a golden dragon
 72189 | Depths:4 | Killed a golden dragon
 72262 | Depths:4 | Found a gate to the Realm of Zot.
 72342 | Depths:4 | Reached skill level 15 in Fire Magic
 72847 | Crypt:1  | Entered Level 1 of the Crypt
 73051 | Crypt:1  | Noticed Grunn
 73071 | Crypt:1  | Killed Grunn
 73245 | Crypt:1  | Noticed Bai Suzhen
 73401 | Crypt:1  | Killed Bai Suzhen
 76995 | Crypt:2  | Identified the amulet of Ycvih {Acrobat Str+7 Slay-2
                  | Stlth+}
 78663 | Crypt:2  | Identified the +1 chain mail of Greed {Fly Dex+4}
 78879 | Crypt:2  | Reached XP level 23. HP: 194/195 MP: 44/44
 79082 | Crypt:3  | Entered Level 3 of the Crypt
 80417 | Vaults:5 | Entered Level 5 of the Vaults
 80479 | Vaults:5 | Noticed Saint Roka
 80751 | Vaults:5 | Noticed a dread lich
 81313 | Vaults:5 | Identified the ring "Hexiuluv" {rC+ SInv}
 81485 | Vaults:5 | Identified the +5 dagger of Symmetry {flame, Str+5}
 81682 | Vaults:5 | Killed a dread lich
 81949 | Vaults:5 | Identified the staff of poison "Bebreol" {rPois Int+3
                  | Dex+3}
 82100 | Vaults:5 | Killed Saint Roka
 82412 | Vaults:5 | Identified the +0 falchion of Departure {flame, Will+}
 82571 | Vaults:5 | Noticed an ancient lich
 82577 | Vaults:5 | Killed an ancient lich
 82837 | Vaults:5 | Got a silver rune of Zot
 82864 | Vaults:5 | Identified the ring of Lioqaec {Fire Int+3}
 83000 | Vaults:5 | Noticed a dread lich
 83008 | Vaults:5 | Reached XP level 24. HP: 218/221 MP: 44/44
 83025 | Vaults:5 | Killed a dread lich
 83648 | Vaults:5 | Identified the staff of death "Cajizo" {rF++ rN+}
 83656 | Vaults:5 | Got the Elucidation of Insomnia
 83679 | Vaults:5 | Identified the staff of earth "Vimoavei" {rN+ Dex+3}
 84311 | Vaults:5 | Identified the +1 hand axe "Zerryas Pimo" {elec, rPois
                  | rF+++ rCorr Int-2}
 84882 | Zot:1    | Entered Level 1 of the Realm of Zot
 86215 | Zot:1    | Noticed an orb of fire
 86243 | Zot:1    | Killed an orb of fire
 86244 | Zot:1    | Reached skill level 5 in Evocations
 86538 | Zot:1    | Identified the +1 ring mail "Nam Hisy" {rC+ Will++}
 87354 | Zot:2    | Reached skill level 10 in Necromancy
 87784 | Zot:2    | Identified the +4 dagger "Bapnah" {flame, rPois Dex+2}
 88642 | Zot:3    | Noticed an orb of fire
 88646 | Zot:3    | Killed an orb of fire
 88964 | Zot:3    | Noticed an orb of fire
 90113 | Zot:4    | Reached XP level 25. HP: 230/236 MP: 27/44
 90717 | Zot:4    | Noticed an orb of fire
 90742 | Zot:4    | Killed an orb of fire
 90965 | Zot:4    | Found the amulet of the Four Winds {rN+ Will+++ Clar}
 91744 | Zot:5    | Entered Level 5 of the Realm of Zot
 92409 | Zot:5    | Noticed an ancient lich
 92413 | Zot:5    | Noticed an orb of fire
 92418 | Zot:5    | Noticed an orb of fire
 92418 | Zot:5    | Noticed an orb of fire
 92421 | Zot:5    | Noticed an orb of fire
 92423 | Zot:5    | Noticed a dread lich
 92424 | Zot:5    | Noticed a Killer Klown
 92426 | Zot:5    | Killed an ancient lich
 92430 | Zot:5    | Noticed an orb of fire
 92430 | Zot:5    | Noticed an orb of fire
 92436 | Zot:5    | Noticed an orb of fire
 92438 | Zot:5    | Killed a Killer Klown
 92438 | Zot:5    | Noticed an orb of fire
 92457 | Zot:5    | Gained mutation: You are clumsy. (Dex -2) [an orb of fire]
 92463 | Zot:5    | Killed an orb of fire
 92489 | Zot:5    | Gained mutation: You are occasionally teleported next to
                  | monsters. [an orb of fire]
 92492 | Zot:5    | Killed an orb of fire
 92497 | Zot:5    | Killed an ancient lich
 92501 | Zot:5    | Lost mutation: You are clumsy. (Dex -2) [potion of
                  | mutation]
 92501 | Zot:5    | Lost mutation: You are occasionally teleported next to
                  | monsters. [potion of mutation]
 92501 | Zot:5    | Gained mutation: Your spells are a little harder to cast,
                  | but a little more powerful. [potion of mutation]
 92672 | Zot:5    | Killed a dread lich
 92759 | Zot:5    | Killed an orb of fire
 92775 | Zot:5    | Noticed a Killer Klown
 92833 | Zot:5    | Killed a Killer Klown
 93035 | Zot:5    | Killed a Killer Klown
 93045 | Zot:5    | Noticed an orb of fire
 93080 | Zot:5    | Killed an orb of fire
 93159 | Zot:5    | Got the Orb of Zot
 93916 | D:$      | Escaped with the Orb!

Illustrated notes

Levels and vault maps discovered:
D:1:      psy_arrival_conway, layout_loops_ring, corexii_hall_statues_s
D:2:      minmay_wonky_spiral, layout_loops_ring, serial_shops,
          nicolae_shop_competitors_out_of_business, basic_altar,
          dreamdust_princess_bridge, st_stairs_7
D:3:      layout_rooms, gup_sewer_entry_glass, kennysheep_flooded_box,
          lightli_corner_chamber
D:4:      minmay_spotlight, layout_cave_pools, lemuel_doored_altar,
          minmay_temple_entry_crystal_x, serial_column_ruins,
          column_ruins_hut_pillars, column_ruins_open_small_water,
          column_ruins_corridor_straight, column_ruins_columns_corner,
          column_ruins_columns_dead_end, column_ruins_open_small,
          column_ruins_columns_water, kennysheep_minor_cross
D:5:      layout_cave_pods, nemelex_diamond_rough_becter, minmay_bent,
          uniq_grinder
D:6:      layout_cave_pools, minivault_5, st_stairs_6, minivault_14,
          chequers_decorated_corner
D:7:      layout_basic, uniq_joseph, uniq_maggie
D:8:      layout_rooms, gammafunk_ghost_smash
D:9:      layout_cave_pools, dpeg_oklobed_lair, minmay_evil_grid, uniq_erica,
          uniq_amaemon
D:10:     layout_irregular_city, minmay_orc_entry_temple_large, pond
D:11:     layout_basic
D:12:     minmay_concentric_multi, layout_irregular_city, serial_shops,
          nicolae_shop_hallway_stairs
D:13:     layout_layer_cave
D:14:     layout_gridville, skrybe_vaults_entry_preservation, serial_shops,
          nicolae_square_shop, kennysheep_little_box,
          nicolae_gozag_zags_fifth_avenue, uniq_lodul
D:15:     hangedman_depths_entry_civil_slaughter, layout_basic, serial_shops,
          shop, serial_park_tiny_pond, gammafunk_ghost_arena
Lair:1:   layout_chaotic_city, gammafunk_ghost_berserking_beasts, uniq_fannar
Lair:2:   layout_roguey, minmay_swamp_entry_worms, worms_lemuel,
          grunt_megastairs_3, uniq_gastronok
Lair:3:   layout_regular_city, nicolae_snake_entry_squirm,
          infiniplex_staircase_pool_2
Lair:4:   layout_misc_corridors, minmay_slime_entry_oklob_open,
          gauntlet_entry_generic, nzn_random_ring, uniq_snorg
Swamp:1:  layout_basic_swamp, evilmike_swamp_ruin_rubble_1, swamp_pool4
Swamp:2:  layout_basic_swamp, serial_swamp_ruin, hangedman_swamp_ruin_wall,
          evilmike_swamp_ruin_house_5
Swamp:3:  layout_basic_swamp, evilmike_swamp_ruin_rubble_2
Swamp:4:  swamp_basic_johnstein, layout_basic_swamp
Snake:1:  layout_grid_shapes, minmay_shop_star, grunt_megastairs_5
Snake:2:  layout_basic, minmay_shop_grove
Snake:3:  layout_onion_interference, st_stairs_9
Snake:4:  snake_pit, layout_onion, serial_shops, nicolae_shop_waterfront
Orc:1:    layout_caves, nooodl_orcs_dogs, uniq_nergalle, uniq_urug
Orc:2:    st_orc_rangers, layout_caves, serial_shops, shop_statue, basic_altar,
          okawaru_metal_pillars_1_2
Elf:1:    minmay_elf_arrival_plus, layout_gridlike, minmay_elf_necromancy
Elf:2:    nicolae_elf_blades_splatter_lattice
          [nicolae_blade_entry_area_security], layout_geoelf_diagonals,
          serial_shops, shop, lemuel_upstairs_altar, uniq_roxanne
Elf:3:    elf_hall, layout_geoelf_octagon, serial_shops,
          nicolae_shop_tiny_real_fake_doors
Vaults:1: nicolae_vaults_lightning_bolt, nicolae_vaults_closet_pinwheel_6,
          v_misc_15, nicolae_vaults_angled_halls, grunt_vaults_swirl,
          hangedman_vaults_cutoff, vaults_mumra_minichess,
          nicolae_vaults_corridor_and_loot_room, nicolae_vaults_rhombus_5,
          vaults_room_fancy_cross, vaults_room_corners,
          nicolae_vaults_circle_grid_b, vaults_room_pool,
          nicolae_vaults_closet_pinwheel_1, layout_vaults_omnibox, serial_shops,
          shop
Vaults:2: nicolae_vaults_tetromino_Z_2, gammafunk_sealed_arena,
          nicolae_vaults_taking_the_gang_shopping, v_misc_16,
          hangedman_vaults_slice, layout_vaults_omnigrid, serial_shops, shop,
          nicolae_shop_pleasant_corner_grove,
          nicolae_shop_temple_entry_statues_fountains,
          nicolae_shop_industrial_runoff
Vaults:3: gammafunk_ghost_spectres, gammafunk_the_bubble
          [the_bubble_gammafunk_split], nicolae_vaults_trapezoid_2,
          minmay_crypt_entry_simple_sparse, v_alt_pattern_3, v_misc_2,
          nicolae_vaults_diamond_1, vaults_room_grunt_arrival_checkpoint,
          nicolae_vaults_mini_display_case, layout_vaults_chaotic_city,
          serial_shops, nicolae_book_shop_shelving
Vaults:4: v_misc_1, nicolae_vaults_trapezoid_lopsided_4,
          nicolae_vaults_closet_pinwheel_4, nicolae_vaults_tetromino_T_2,
          vaults_room_pools, nicolae_vaults_security_offices_2,
          grunt_vaults_diagonal, ontoclasm_vaults_decontamination,
          nicolae_vaults_apartment_2, nicolae_vaults_closet_pinwheel_4,
          layout_vaults_omnicross
Vaults:5: serial_shops, uniq_saint_roka
Crypt:1:  layout_basic, hex_tiny, roderic_lattice_octagonal_star,
          grunt_crypt_arrival_guarded_gate, uniq_grunn, uniq_bai_suzhen
Crypt:2:  nicolae_crypt_knochenhaus, layout_misc_corridors, st_small_mortuary
Crypt:3:  due_elkab, layout_chaotic_city, minivault_25, minivault_11
Depths:1: layout_long_grid, lightli_too_deep, chequers_serial_rivers_small_3,
          minivault_16, trog_three_pillars_becter
Depths:2: wad_lake_hut, layout_gridlike, grunt_hell_entry_dis_old,
          chequers_serial_rivers_large_a, serial_shops, nicolae_shop_waterfront,
          grunt_pan_entry_in_and_out, infiniplex_staircase_river
Depths:3: grunt_crosshair, layout_gridlike,
          nicolae_abyss_entry_one_way_or_another, serial_shops,
          nicolae_stop_n_shop_2, minmay_crystal_water, pf_hell_entry_tar_river,
          rand_demon_pan_entry_8, roderic_lattice_a, firewood_loft,
          infiniplex_staircase_x, minmay_shoptagon
Depths:4: evilmike_zot_entry_round, layout_honeycomb, enter_ziggurat_e,
          hangedman_coc_ice_floe, serial_bayou_shore_b, uniq_mennas
Hell
Zot:1:    dreamdust_black_sun_cult, layout_cathedral_of_symmetry
Zot:2:    kennysheep_room_grid, layout_onion, grunt_megastairs_2
Zot:3:    layout_gridlike
Zot:4:    grunt_deathspiral_small, layout_onion_interference,
          hangedman_zot_diagonal_lockstep, lemuel_flame_loot_1
Zot:5:    layout_gridlike

Skill      XL: |  1  2  3  4  5  6  7  8  9 10 11 12 13 14 15 16 17 18 19 20 21 22 23 24 25 |
---------------+----------------------------------------------------------------------------+-----
Ice Magic      | 5 6 7 8 11 13 16 17 18 19 21 23 24 25 | 25.0
Fighting       | 2 4 8 10 13 15 17 19 21 22 | 22.4
Evocations     | 1 3 7 9 |  9.2
Spellcasting   | 3 5 7 8 10 11 12 14 15 16 17 | 17.4
Shields        | 2 5 7 9 10 | 10.0
Dodging        | 4 8 10 12 14 | 14.9
Necromancy     | 7 8 10 11 | 11.8
Staves         | 3 12 | 12.0
Fire Magic     | 5 13 19 20 | 20.0
Stealth        | |  1.7

Action                     |  1- 3 |  4- 6 |  7- 9 | 10-12 | 13-15 | 16-18 | 19-21 | 22-24 | 25-27 || total
---------------------------+-------+-------+-------+-------+-------+-------+-------+-------+-------++-------
  Melee: Short sword       |     6 |       |       |       |       |       |       |       |       ||     6
         Unarmed           |     1 |       |       |       |       |       |       |       |       ||     1
         Dagger            |    12 |    31 |    53 |    76 |    47 |       |       |       |       ||   219
         Tailslap          |     1 |    10 |    17 |    37 |    52 |    45 |    93 |   196 |    44 ||   495
         Spear             |       |    39 |    29 |       |       |       |       |       |       ||    68
         Lajatang          |       |       |    50 |    47 |       |       |       |       |       ||    97
         Staff             |       |       |       |   124 |   147 |    36 |   208 |   531 |   115 ||  1161
         Demon trident     |       |       |       |       |       |   122 |       |       |       ||   122
  Throw: Dart              |       |     5 |       |       |       |       |       |       |       ||     5
   Cast: Freeze            |    58 |    34 |     5 |       |       |       |       |       |       ||    97
         Frozen Ramparts   |     1 |    17 |    35 |    67 |    33 |       |     2 |       |       ||   155
         Ozocubu's Armour  |       |    12 |    24 |    52 |    34 |       |     1 |       |       ||   123
         Ozocubu's Refrige |       |       |       |    18 |   287 |   490 |   254 |     9 |     1 ||  1059
         Dispel Undead     |       |       |       |       |     9 |     1 |       |       |       ||    10
         Death Channel     |       |       |       |       |     1 |       |     1 |     2 |     3 ||     7
         Polar Vortex      |       |       |       |       |       |     2 |    88 |    90 |    20 ||   200
         Sublimation of Bl |       |       |       |       |       |       |     7 |       |       ||     7
         Ignition          |       |       |       |       |       |       |       |   356 |    41 ||   397
 Invoke: Call Merchant     |       |       |     1 |       |     2 |     1 |       |       |       ||     4
         Potion Petition   |       |       |       |       |       |       |     1 |     1 |       ||     2
         Bribe Branch      |       |       |       |       |       |       |       |     2 |     2 ||     4
Ability: Breathe Steam     |       |       |    21 |    20 |     7 |     6 |     2 |     4 |     2 ||    62
  Evoke: Wand              |       |     1 |     6 |    24 |    12 |     2 |       |     3 |       ||    48
         Phantom mirror    |       |       |       |     1 |     1 |       |       |     1 |       ||     3
         Box of beasts     |       |       |       |       |     1 |     1 |       |       |       ||     2
    Use: Scroll            |     1 |       |       |    23 |     5 |     5 |       |     8 |     3 ||    45
         Potion            |       |     1 |       |     3 |     1 |    10 |     3 |     8 |    10 ||    36
   Stab: Sleeping          |     2 |     2 |     1 |     1 |       |       |       |     2 |     1 ||     9
         Distracted        |       |       |     1 |       |     2 |     2 |     1 |     2 |     1 ||     9
         Invisible         |       |       |       |     1 |       |       |       |       |       ||     1
 Armour: Skin              |    19 |    49 |    51 |   176 |   126 |    40 |    63 |   139 |    30 ||   693
  Dodge: Dodged            |    30 |    50 |    66 |   162 |   214 |   128 |   335 |   521 |   111 ||  1617
  Block: Buckler           |       |       |       |    35 |   150 |    91 |   195 |   336 |    67 ||   874
         Reflection        |       |       |       |       |    36 |    15 |    31 |    53 |     9 ||   144
Riposte: Dagger            |       |       |       |     7 |    17 |       |       |       |       ||    24
         Staff             |       |       |       |       |    47 |    23 |   108 |   187 |    34 ||   399
         Demon trident     |       |       |       |       |       |    37 |       |       |       ||    37
